 Dungeon Crawl Stone Soup version 0.30-a0-341-g682706514a (webtiles) character file.

Game seed: 18254095355951863304

2260 p00ps00p the Trooper (level 9, 0/69 HPs)
             Began as a Demonspawn Gladiator on Nov 4, 2022.
             Was an Initiate of Gozag.
             Slain by a death yak (5 damage)
             ... on level 7 of the Dungeon.
             The game lasted 00:19:11 (7378 turns).

p00ps00p the Trooper (Demonspawn Gladiator)         Turns: 7378, Time: 00:19:13

Health: 0/69       AC: 15    Str: 17    XL:     9   Next: 15%
Magic:  9/9        EV: 12    Int: 10    God:    Gozag
Gold:   302        SH:  0    Dex: 16    Spells: 8/8 levels left

rFire   + + .      SeeInvis .    a - +3 war axe (flame)
rCold   . . .      Faith    .    (no shield)
rNeg    . . .      Spirit   .    C - +1 scale mail {rF+}
rPois   +          Reflect  .    g - +2 helmet
rElec   .          Harm     .    A - +0 cloak
rCorr   .          Rampage  .    q - +0 pair of gloves
Will    .....                    (no boots)
Stlth   ++........               (no amulet)
HPRegen 0.31/turn                w - ring of protection from fire
MPRegen 0.11/turn                y - ring of poison resistance

@: no status effects
A: yellow scales 1, powered by death 3, spiny 1
a: Renounce Religion, Potion Petition, Call Merchant, Bribe Branch


You were on level 7 of the Dungeon.
You worshipped Gozag.
Gozag was aware of your devotion.
You visited 2 branches of the dungeon, and saw 9 of its levels.

You collected 727 gold pieces.
You spent 362 gold pieces at shops.
You paid 63 gold pieces to Gozag.

Inventory:

Hand Weapons
 a - a +3 war axe of flaming (weapon)
Missiles
 e - a javelin
 f - 44 poisoned darts (quivered)
Armour
 g - a +2 helmet (worn)
 q - a +0 pair of gloves (worn)
 A - a +0 cloak (worn)
 C - a +1 scale mail of fire resistance (worn)
Jewellery
 w - a ring of protection from fire (left hand)
 y - a ring of poison resistance (right hand)
Wands
 t - a wand of paralysis (5)
 v - a wand of flame (15)
 x - a wand of polymorph (15)
 D - a wand of iceblast (14)
Scrolls
 c - 3 scrolls of identify
 d - 5 scrolls of teleportation
 i - a scroll of blinking
 r - a scroll of fear
 u - a scroll of brand weapon
Potions
 h - 2 potions of resistance {unknown}
 j - a potion of berserk rage {unknown}
 k - a potion of haste
 l - a potion of ambrosia
 m - 2 potions of cancellation {unknown}
 n - 2 potions of attraction {unknown}
 o - 3 potions of lignification {unknown}
 p - 3 potions of heal wounds {unknown}
 s - 3 potions of curing {unknown}
 z - a potion of brilliance {unknown}
 B - a potion of mutation {unknown}


   Skills:
 + Level 5.7 Fighting
 + Level 5.7 Axes
 - Level 1.7 Throwing
 + Level 4.7 Armour
 + Level 5.6 Dodging
 + Level 5.2 Stealth


You had 8 spell levels left.
You didn't know any spells.
Your spell library contained the following spells:

 Spells                   Type           Power      Damage    Failure   Level
 Shock                    Conj/Air       0%         1d3       77%         1
 Cigotuvi's Dreadful Rot  Necr/Pois/Air  0%         N/A       88%         2
 Poisonous Vapours        Pois/Air       0%         N/A       88%         2
 Inner Flame              Hex/Fire       0%         N/A       98%         3
 Mephitic Cloud           Conj/Pois/Air  0%         N/A       98%         3
 Swiftness                Air            0%         N/A       98%         3
 Airstrike                Air            0%         2d(0-16)  100%        4
 Cause Fear               Hex            0%         N/A       100%        4
 Discord                  Hex            0%         N/A       100%        8


Dungeon Overview and Level Annotations

Branches:
Dungeon (8/15)             Temple (1/1) D:5
   Lair: D:8-11

Altars:
Ashenzari
Dithmenos
Fedhas
Gozag
Hepliaklqana
Kikubaaqudgha
Makhleb
Okawaru
Qazlal
Ru
Sif Muna
Trog
Uskayaw
Vehumet
Wu Jian
Xom
Yredelemnul

Shops:
D:2 *(!   D:5 :


Innate Abilities, Weirdness & Mutations

You are partially covered in yellow scales. (AC +2)
You regenerate a lot of health from kills.
You are partially covered in sharp spines.


Message History

The death yak is lightly wounded.
Aiming: Paralyse
Press: ? - help, Q - select action, (/) - cycle Shift-Dir - straight line, f/p - death yak
Aim: a death yak (lightly wounded, chance to affect: 1%)
The death yak resists with almost no effort.
There is a stone staircase leading up here.
The death yak gores you but does no damage.
You climb upwards.
There is a stone staircase leading down here.
You slash the death yak! You burn the death yak.
The death yak is lightly wounded.
The death yak gores you!
You hit the death yak but do no damage.
The death yak is lightly wounded.
The death yak gores you but does no damage.
You hit the death yak. You burn the death yak.
The death yak is moderately wounded.
The death yak completely misses you.
You hit the death yak but do no damage.
The death yak is lightly wounded.
The death yak is struck by your spines. The death yak gores you!
The death yak is struck by your spines.
The death yak gores you but does no damage.
You hit the death yak but do no damage.
The death yak is moderately wounded.
The death yak gores you!
You slash the death yak! You burn the death yak.
The death yak is heavily wounded.
The death yak is struck by your spines. The death yak barely misses you.
You hit the death yak but do no damage.
The death yak is heavily wounded.
The death yak gores you!!
* * * LOW HITPOINT WARNING * * *
You hit the death yak but do no damage.
The death yak is heavily wounded.
The death yak gores you!
* * * LOW HITPOINT WARNING * * *
The death yak gores you.
You die...
Your body crumbles into a pile of gold.

######### .....##.## .........#
############ ####.##.##
#.>........#
#.##.########.########.#
#.##........Y@.#######.## #
#.##########............######
#.# #...###.###........
####.###########.####.###.#######
.................# #...##.# #
....#..####.##.#.###...##.# #
....#..# #.##.#.#........# #
###.#..# #.##.#..........# #
#.#..# #.##.###.......##


You could see a death yak.

Vanquished Creatures
  Sigmund (D:5)
  Eustachio (D:5)
  A steam dragon (D:7)
  A water moccasin (D:8)
  2 black bears
  An orc warrior (D:8)
  An ice beast (D:5)
  A centaur (D:7)
  2 phantoms (D:5)
  3 kobold brigands
  3 bullfrogs
  A necrophage (D:6)
  A scorpion (D:7)
  A howler monkey (D:5)
  2 gnoll boudas
  A hound (D:6)
  3 jellies
  Robin (D:2)
  10 adders
  15 gnolls
  A river rat (D:3)
  2 shadow imps
  3 ufetubi (D:5)
  2 worms
  3 dart slugs
  12 orcs
  2 ball pythons
  8 bats
  5 endoplasms
  6 giant cockroaches
  16 goblins
  5 hobgoblins
  5 quokkas
  A frilled lizard (D:2)
  15 kobolds
  8 rats
146 creatures vanquished.

Notes
Turn   | Place    | Note
-------+----------+-------------------------------------------
     0 | D:1      | p00ps00p the Demonspawn Gladiator began the quest for the
                  | Orb.
     0 | D:1      | Reached XP level 1. HP: 16/16 MP: 1/1
   237 | D:1      | Gained mutation: You regenerate a little health from kills.
                  | [demonic ancestry]
   237 | D:1      | Reached XP level 2. HP: 22/22 MP: 2/2
  1414 | D:2      | Reached skill level 1 in Stealth
  1414 | D:2      | Gained mutation: You regenerate health from kills. [demonic
                  | ancestry]
  1414 | D:2      | Reached XP level 3. HP: 11/28 MP: 3/3
  1491 | D:2      | Noticed Robin
  1604 | D:2      | Reached skill level 1 in Armour
  1629 | D:2      | Killed Robin
  1651 | D:2      | Found Hiloxzau's Distillery.
  1737 | D:2      | Found Pibal's Weapon Boutique.
  1835 | D:2      | Found a faded altar of an unknown god.
  1853 | D:2      | Gained mutation: You are partially covered in yellow
                  | scales. (AC +2) [demonic ancestry]
  1853 | D:2      | Reached XP level 4. HP: 34/34 MP: 4/4
  1923 | D:2      | Found Olinalei's Assorted Antiques.
  2981 | D:3      | Gained mutation: You are partially covered in sharp spines.
                  | [demonic ancestry]
  2981 | D:3      | Reached XP level 5. HP: 40/40 MP: 5/5
  3750 | D:4      | Noticed a black bear
  3762 | D:4      | Killed a black bear
  3763 | D:4      | Reached XP level 6. HP: 37/47 MP: 6/6
  4061 | D:5      | Entered Level 5 of the Dungeon
  4061 | D:5      | Found a staircase to the Ecumenical Temple.
  4073 | D:5      | Found Jaaj Ydo's Book Boutique.
  4075 | Temple   | Entered the Ecumenical Temple
  4249 | Temple   | Became a worshipper of Gozag Ym Sagoz the Greedy
  4434 | D:5      | Reached XP level 7. HP: 53/53 MP: 7/7
  4476 | D:5      | Noticed Eustachio
  4497 | D:5      | Killed Eustachio
  4725 | D:5      | Noticed Sigmund
  4734 | D:5      | Killed Sigmund
  4735 | D:5      | Gained mutation: You regenerate a lot of health from kills.
                  | [demonic ancestry]
  4735 | D:5      | Reached XP level 8. HP: 46/61 MP: 8/8
  5301 | D:6      | Reached skill level 5 in Axes
  5625 | D:7      | Reached skill level 5 in Fighting
  5625 | D:7      | Reached skill level 5 in Dodging
  6310 | D:8      | Reached skill level 5 in Stealth
  6310 | D:8      | Reached XP level 9. HP: 61/68 MP: 9/9
  6701 | D:8      | Noticed a death yak
  6701 | D:8      | Noticed a death yak
  6713 | D:8      | Noticed a death yak
  6713 | D:8      | HP: 3/69 [death yak (22)]
  7178 | D:2      | Bought a glowing scale mail for 175 gold pieces
  7190 | D:2      | Bought a scroll of enchant weapon for 187 gold pieces
  7378 | D:7      | Slain by a death yak

Illustrated notes

Levels and vault maps discovered:
D:1:      wheals_arrival_linesprint, layout_basic
D:2:      layout_rooms, serial_shops, shop, nicolae_shop_hallway_stairs, shop,
          ebering_ecumenical_altar_mist, fountainhead, solitary_fountain,
          roderic_lattice_a, uniq_robin
D:3:      minmay_skewed_foursquare, layout_loops_corners, portal_sewer_entry_e
D:4:      layout_basic, dk_noncrumbling_2
D:5:      cheibrodos_thug_alley, layout_loops_cross, temple_statues,
          serial_shops, shop, uniq_sigmund, uniq_eustachio
D:6:      layout_basic
D:7:      layout_loops_ring
D:8:      layout_loops_cross, nicolae_overflow_squiral, dpeg_lair_monsters
Temple:   nicolae_temple_slightly_damp_pantheon

Skill      XL: |  1  2  3  4  5  6  7  8 |
---------------+-------------------------+-----
Axes           | 3 4 5 |  5.7
Dodging        | 3 4 5 |  5.6
Stealth        | 1 2 3 5 |  5.2
Armour         | 1 2 3 4 |  4.7
Fighting       | 3 4 5 |  5.7
Throwing       | |  1.7

Action                   |  1- 3 |  4- 6 |  7- 9 || total
-------------------------+-------+-------+-------++-------
Melee: War axe           |   112 |   123 |   129 ||   364
       Punch             |     2 |     1 |     1 ||     4
Throw: Throwing net      |     2 |     2 |       ||     4
       Dart              |       |       |     1 ||     1
       Javelin           |       |       |     1 ||     1
Evoke: Wand              |       |       |     2 ||     2
  Use: Scroll            |     5 |     4 |     8 ||    17
       Potion            |     1 |       |       ||     1
 Stab: Sleeping          |     2 |     6 |     3 ||    11
Armor: Leather armour    |    58 |    52 |    26 ||   136
       Scale mail        |       |       |     3 ||     3
Dodge: Dodged            |   104 |   115 |    83 ||   302

Table legend: (Time is in decaauts)
 A = Elapsed time spent in this place.
 B = Non-inter-level travel time spent in this place.
 C = Inter-level travel time spent in this place.
 D = Time resting spent in this place.
 E = Time spent auto-exploring this place.
 F = Levels seen in this place.
 G = Mean time per level.
                   A        B        C        D        E       F      G
               +--------+--------+--------+--------+--------+-----+--------+
         Total |   7485 |   6918 |    567 |    699 |   4458 |   9 |  831.7 |
       Dungeon |   7297 |   6753 |    544 |    699 |   4314 |   8 |  912.1 |
        Temple |    188 |    165 |     23 |      0 |    144 |   1 |  188.0 |
               +--------+--------+--------+--------+--------+-----+--------+

Top non-repeatable levels by time:
     D:3: 1314 daAuts
     D:1: 1131 daAuts
     D:7: 1093 daAuts
     D:2: 1028 daAuts
     D:5: 894 daAuts
     D:4: 784 daAuts
     D:6: 586 daAuts
     D:8: 463 daAuts
  Temple: 188 daAuts
